 Dungeon Crawl Stone Soup version 0.30-a0-900-g23479c02f2 (webtiles) character file.

Game seed: 8887722042649159627

891 pokeman the Thaumaturge (level 7, -8/40 HPs)
             Began as a Deep Elf Hedge Wizard on Mar 18, 2023.
             Was an Initiate of Vehumet.
             Killed by divine providence
             ... invoked by an orc priest
              (12 damage)
             ... on level 5 of the Dungeon on Mar 19, 2023.
             The game lasted 00:09:49 (5222 turns).

pokeman the Thaumaturge (Deep Elf Hedge Wizard)     Turns: 5222, Time: 00:09:50

Health: -8/40      AC:  7    Str:  7    XL:     7   Next: 77%
Magic:  21/21      EV: 18    Int: 21    God:    Vehumet [......]
Gold:   131        SH:  0    Dex: 14    Spells: 15/23 levels left

rFire   . . .      SeeInvis .    u - +5 trident "Eneih" {vamp, Fly}
rCold   . . .      Faith    .    (no shield)
rNeg    . . .      Spirit   .    b - +0 robe
rPois   .          Reflect  .    c - +0 hat
rElec   .          Rampage  .    g - +0 cloak
rCorr   .                        (no gloves)
Will    .....                    (no boots)
Stlth   +                        (no amulet)
HPRegen 0.26/turn                j - +5 ring of evasion
MPRegen 0.17/turn                n - +4 ring of protection

@: confused, flying
A: no striking features
a: Renounce Religion


You were on level 5 of the Dungeon.
You worshipped Vehumet.
Vehumet was noncommittal.
You visited 2 branches of the dungeon, and saw 6 of its levels.

You collected 153 gold pieces.
You spent 22 gold pieces at shops.

Inventory:

Hand Weapons
 s - a +0 dagger of venom
 u - the +5 trident "Eneih" (weapon) {vamp, Fly}
   (You found it on level 2 of the Dungeon)

   Fly:       It grants you flight.
Missiles
 A - a throwing net
Armour
 b - a +0 robe (worn)
 c - a +0 hat (worn)
 g - a +0 cloak (worn)
Jewellery
 j - a +5 ring of evasion (left hand)
 k - a ring of fire
 n - a +4 ring of protection (right hand)
Wands
 y - a wand of flame (26)
 z - a wand of polymorph (8)
 B - a wand of digging (5)
Scrolls
 a - a scroll of fog {unknown}
 f - 8 scrolls of identify
 i - 2 scrolls of immolation {unknown}
 l - a scroll of teleportation {unknown}
 m - 2 scrolls of silence {unknown}
 p - 2 scrolls of blinking {unknown}
 q - 2 scrolls of vulnerability {unknown}
 t - a scroll of enchant armour {unknown}
 x - a scroll of poison {unknown}
 C - a scroll of amnesia {unknown}
Potions
 d - a potion of magic
 e - 5 potions of resistance {unknown}
 h - 2 potions of attraction {unknown}
 o - 2 potions of mutation {unknown}
 r - 2 potions of curing
 v - a potion of haste {unknown}
 w - a potion of brilliance


   Skills:
 - Level 2.0 Fighting
 + Level 1.0 Armour
 - Level 3.0 Dodging
 - Level 3.1 Stealth
 * Level 8.6 Spellcasting
 + Level 4.2 Conjurations
 + Level 2.6 Summonings
 - Level 1.1 Translocations
 - Level 2.0 Air Magic
 - Level 2.2 Poison Magic
 + Level 0.1 Evocations


You had 15 spell levels left.
You knew the following spells:

 Your Spells              Type           Power      Damage    Failure   Level
a - Magic Dart            Conj           100%       1d8       1%          1
b - Mephitic Cloud        Conj/Pois/Air  20%        N/A       7%          3
c - Call Imp              Summ           20%        N/A       3%          2
d - Blink                 Tloc           26%        N/A       7%          2

Your spell library contained the following spells:

 Spells                   Type           Power      Damage    Failure   Level
 Static Discharge         Conj/Air       44%        2-4/arc   3%          2
 Cigotuvi's Dreadful Rot  Necr/Pois/Air  28%        N/A       6%          2
 Slow                     Hex            36%        N/A       8%          1
 Vhi's Electric Charge    Tloc/Air       30%        N/A       12%         3
 Frozen Ramparts          Ice            18%        1d3       22%         3
 Summon Ice Beast         Ice/Summ       14%        N/A       41%         4
 Arcjolt                  Conj/Air       11%        1d21      50%         5
 Lightning Bolt           Conj/Air       11%        1d24      50%         5
 Dispel Undead            Necr           9%         3d8       58%         4
 Ice Form                 Ice/Tmut       9%         N/A       58%         4
 Death Channel            Necr           4%         N/A       100%        6


Dungeon Overview and Level Annotations

Branches:
Dungeon (5/15)             Temple (1/1) D:4

Altars:
Ashenzari
Cheibriados
Dithmenos
Elyvilon
Fedhas
Gozag
Hepliaklqana
Nemelex Xobeh
Okawaru
Qazlal
Ru
Sif Muna
Uskayaw
Vehumet
Wu Jian
Xom
Yredelemnul
Zin
The Shining One

Shops:
D:1 ?   D:2 [   D:5 :


Message History

HP restored.
An orc wizard comes into view. It is wielding a +0 dagger.
An orc comes into view. It is wielding a +0 dagger.
The orc wizard shouts!
An orc wizard comes into view. It is wielding a +0 dagger.
The orc wizard casts a spell at you.
You are confused.
The orc wizard shouts!
An orc priest comes into view. It is wielding a +0 hand axe.
The orc shouts!
The orc priest shouts!
The orc wizard casts a spell at you. The magic dart hits you!
You see here a wand of digging (2).
B - a wand of digging (5) (gained 2 charges)
The orc wizard points at you and mumbles some strange words.
The puff of flame hits you.
The orc wizard points at you and mumbles some strange words.
You are more confused.
The orc priest invokes the aid of Beogh against you.
Beogh smites you!
The orc wizard casts a spell.
The orc wizard flickers and vanishes!
Deactivating autopickup; reactivate with Ctrl-A.
Unknown command.
You're too confused to move!
The orc attacks as you move away! The orc hits you with a +0 dagger.
The orc wizard completely misses you.
The orc priest calls down the wrath of Beogh upon you.
Beogh smites you!
* * * LOW HITPOINT WARNING * * *
Unknown command.
You puncture the orc!
You feel better.
You kill the orc!
Vehumet accepts your kill. The orc wizard casts a spell at you.
The puff of flame hits you!
* * * LOW HITPOINT WARNING * * *
The orc priest invokes the aid of Beogh against you.
Beogh smites you!
You die...

........##.. ..
........##.. .#..
............ . ...
............ ..
#.##+####....... ... #.##.#
#....... ....########..#.##
#....... .................#
#.......
.......o..@......###.......
.........o)......†.'.......
..................##.......
...........................
.......####...###.##.......
....... #...# #..........
....##+ ##### ###........
.... #....... ### ........


You could see an orc priest and an orc wizard.

Vanquished Creatures
  Eustachio (D:4)
  Duvessa (D:4)
  A phantom (D:4)
  A scorpion (D:5)
  Dowan (D:4)
  2 electric eels (D:4)
  A gnoll bouda (D:5)
  Ijyb (D:5)
  3 iguanas (D:5)
  2 sleepcaps
  2 orc wizards (D:3)
  4 gnolls (D:5)
  5 adders
  A worm (D:2)
  4 dart slugs
  10 orcs
  7 endoplasms
  3 giant cockroaches (D:3)
  4 goblins
  7 hobgoblins
  3 kobolds
  4 quokkas
  8 ball pythons
  3 frilled lizards
  8 rats
87 creatures vanquished.

Vanquished Creatures (collateral kills)
  An adder (D:3)
  2 orcs (D:3)
3 creatures vanquished.

Vanquished Creatures (others)
  A plant (D:3)
1 creature vanquished.

Grand Total: 91 creatures vanquished

Notes
Turn   | Place    | Note
-------+----------+-------------------------------------------
     0 | D:1      | pokeman the Deep Elf Hedge Wizard began the quest for the
                  | Orb.
     0 | D:1      | Reached XP level 1. HP: 10/10 MP: 7/7
   672 | D:1      | Reached XP level 2. HP: 16/16 MP: 5/9
   723 | D:1      | Found Bukobb's Magic Scroll Emporium.
   728 | D:1      | Bought a scroll of identify for 22 gold pieces
  1075 | D:2      | Found a faded altar of an unknown god.
  1112 | D:2      | Reached skill level 5 in Spellcasting
  1313 | D:2      | Found Angiriof's Armour Shop.
  1417 | D:2      | Reached XP level 3. HP: 20/20 MP: 6/11
  1421 | D:2      | Learned a level 3 spell: Mephitic Cloud
  1424 | D:2      | Learned a level 2 spell: Call Imp
  1427 | D:2      | Learned a level 2 spell: Blink
  1568 | D:2      | You fall into a shaft and drop 2 floors!
  1633 | D:3      | Reached skill level 1 in Fighting
  1890 | D:3      | Reached skill level 1 in Armour
  1987 | D:3      | Reached XP level 4. HP: 24/25 MP: 2/13
  2270 | D:3      | Reached skill level 6 in Spellcasting
  2270 | D:3      | Reached XP level 5. HP: 20/29 MP: 11/15
  2594 | D:2      | Identified the +5 trident "Eneih" {vamp, Fly}
  3220 | D:3      | Found a white marble altar of Elyvilon.
  3227 | D:3      | Found a glowing golden altar of the Shining One.
  3231 | D:3      | Found a shadowy altar of Dithmenos.
  3485 | D:4      | Found a transporter.
  3491 | D:4      | Noticed Duvessa
  3492 | D:4      | Noticed Dowan
  3509 | D:4      | Noticed Eustachio
  3528 | D:4      | Killed Eustachio
  3529 | D:4      | Reached skill level 1 in Air Magic
  3529 | D:4      | Reached skill level 1 in Poison Magic
  3529 | D:4      | Reached XP level 6. HP: 34/34 MP: 7/17
  3534 | D:4      | Killed Dowan
  3535 | D:4      | Reached skill level 7 in Spellcasting
  3539 | D:4      | Killed Duvessa
  3639 | D:4      | Found a staircase to the Ecumenical Temple.
  3648 | Temple   | Entered the Ecumenical Temple
  3648 | Temple   | Found a transporter.
  3648 | Temple   | Found a transporter.
  3650 | Temple   | Found a transporter.
  3650 | Temple   | Found a transporter.
  3663 | Temple   | Became a worshipper of Vehumet
  3744 | D:4      | Found a sparkling altar of Nemelex Xobeh.
  3911 | D:4      | Reached XP level 7. HP: 20/38 MP: 5/20
  4114 | D:4      | Found a transporter.
  4715 | D:5      | Entered Level 5 of the Dungeon
  4719 | D:5      | Reached skill level 8 in Spellcasting
  4737 | D:5      | Found Cuner's Vocational Training.
  4758 | D:5      | Noticed Ijyb
  4770 | D:5      | Killed Ijyb
  5222 | D:5      | Killed from afar by an orc priest

Illustrated notes

Levels and vault maps discovered:
D:1:      ncdulo_wetmaze, layout_loops_ring, serial_forest,
          infiniplex_forest_clump_curved, infiniplex_forest_clump_medium,
          infiniplex_forest_end_2, infiniplex_forest_corner_1,
          infiniplex_forest_fountain, infiniplex_forest_straight_2,
          infiniplex_forest_straight_2, serial_shops, shop_statue
D:2:      layout_basic, chequers_ecumenical_altar_island, serial_shops,
          nicolae_shop_statue_plus
D:3:      layout_basic, minmay_overflow_temple_star_quad, serial_forest,
          infiniplex_forest_clump_long, infiniplex_forest_end_3,
          infiniplex_forest_lined_room_2, infiniplex_forest_straight_4,
          infiniplex_forest_corner_1, infiniplex_forest_join,
          infiniplex_forest_end_2, nicolae_elevator_lobby_plus
D:4:      gammafunk_steamed_eel, layout_basic, nemelex_spade_bored_becter,
          minmay_temple_entry_slanted, uniq_duvessa, uniq_eustachio
D:5:      layout_basic, minmay_misc_feat_roman, nicolae_shop_vocational,
          uniq_ijyb
Temple:   hellmonk_temple_divided_pantheon

Skill      XL: |  1  2  3  4  5  6  7 |
---------------+----------------------+-----
Spellcasting   | 5 6 7 8 |  8.6
Fighting       | 1 2 |  2.0
Armour         | 1 |  1.0
Conjurations   | 2 3 4 |  4.2
Stealth        | 3 |  3.1
Dodging        | 3 |  3.0
Air Magic      | 1 2 |  2.0
Poison Magic   | 1 2 |  2.2
Summonings     | 2 |  2.6
Translocations | |  1.1
Evocations     | |  0.1

Action                     |  1- 3 |  4- 6 |  7- 9 || total
---------------------------+-------+-------+-------++-------
  Melee: Dagger            |    17 |    34 |       ||    51
         Trident           |       |    31 |    42 ||    73
   Cast: Magic Dart        |    70 |    51 |    34 ||   155
         Call Imp          |     1 |     3 |       ||     4
         Mephitic Cloud    |       |     6 |    10 ||    16
         Blink             |       |     2 |       ||     2
    Use: Potion            |       |       |     1 ||     1
   Stab: Sleeping          |     1 |     2 |       ||     3
         Confused          |       |     4 |    11 ||    15
         Distracted        |       |       |     1 ||     1
 Armour: Robe              |     3 |     7 |     2 ||    12
  Dodge: Dodged            |    27 |    43 |    23 ||    93

Table legend: (Time is in decaauts)
 A = Elapsed time spent in this place.
 B = Non-inter-level travel time spent in this place.
 C = Inter-level travel time spent in this place.
 D = Time resting spent in this place.
 E = Time spent auto-exploring this place.
 F = Levels seen in this place.
 G = Mean time per level.
                   A        B        C        D        E       F      G
               +--------+--------+--------+--------+--------+-----+--------+
         Total |   5247 |   5060 |    187 |    124 |   4183 |   6 |  874.5 |
       Dungeon |   5204 |   5024 |    180 |    124 |   4182 |   5 | 1040.8 |
        Temple |     42 |     35 |      7 |      0 |      1 |   1 |   42.0 |
               +--------+--------+--------+--------+--------+-----+--------+

Top non-repeatable levels by time:
     D:3: 1379 daAuts
     D:4: 1215 daAuts
     D:2: 1146 daAuts
     D:1: 945 daAuts
     D:5: 517 daAuts
  Temple: 42 daAuts
